 Dungeon Crawl Stone Soup version 0.23.0 (webtiles) character file.

Game seed: 3349103235958873033

306 gruber the Poker (level 6, -6/51 HPs)
             Began as a Minotaur Fighter on Feb 12, 2019.
             Killed from afar by Edmund (11 damage)
             ... with a wand of flame (20)
             ... on level 4 of the Dungeon.
             The game lasted 00:03:09 (2396 turns).

gruber the Poker (Minotaur Fighter)                 Turns: 2396, Time: 00:03:11

Health: -6/51      AC:  6    Str: 26    XL:     6   Next: 16%
Magic:  5/5        EV:  7    Int:  5    God:
Gold:   204        SH: 10    Dex: 11    Spells: 5/5 levels left

rFire    . . .     SeeInvis .   a - +0 trident
rCold    . . .     Gourm    .   c - +0 shield
rNeg     . . .     Faith    .   b - +0 scale mail
rPois    .         Spirit   .   (helmet restricted)
rElec    .         Reflect  .   (no cloak)
rCorr    .         Harm     .   (no gloves)
MR       .....                  (no boots)
Stlth    ..........             (no amulet)
HPRegen  0.17/turn              (no ring)
MPRegen  0.09/turn              (no ring)

@: mighty, lethally poisoned (-6 -> -6)
A: retaliatory headbutt, horns 2
a: no special abilities


You were on level 4 of the Dungeon.
You were very hungry.

You visited 1 branch of the dungeon, and saw 4 of its levels.

You collected 204 gold pieces.

Inventory:

Hand Weapons
 a - a +0 trident (weapon)
Armour
 b - a +0 scale mail (worn)
 c - a +0 shield (worn)
Jewellery
 e - an uncursed ring of see invisible {unknown}
 n - an uncursed ring of magical power {unknown}
Scrolls
 g - a scroll of remove curse {unknown}
 i - 3 scrolls of identify {unknown}
 j - a scroll of amnesia {unknown}
 k - a scroll of fog {unknown}
 l - 2 scrolls of enchant weapon {unknown}
 p - 2 scrolls of enchant armour {unknown}
 q - a scroll of noise {unknown}
 r - a scroll of teleportation {unknown}
 s - a scroll of blinking {unknown}
 u - a scroll of fear {unknown}
 v - a scroll of magic mapping {unknown}
Potions
 h - 2 potions of agility
 m - 2 potions of curing {unknown}
 o - 2 potions of heal wounds {unknown}
 t - a potion of flight {unknown}
Comestibles
 f - 10 rations


   Skills:
 - Level 3.6 Fighting
 + Level 7.9 Polearms
 - Level 3.6 Armour
 - Level 3.6 Shields


You had 5 spell levels left.
You didn't know any spells.
Your spell library was empty.

Dungeon Overview and Level Annotations

Branches:
Dungeon (4/15)
 Temple: D:4-7

Altars:
Qazlal

Annotations:
D:4 Edmund


Innate Abilities, Weirdness & Mutations

You reflexively headbutt those who attack you in melee.
You have a pair of horns on your head.


Message History

You feel very mighty all of a sudden.
You feel sick.
Edmund hits you with a +0 flail of protection.
You barely miss Edmund. Your headbutt misses Edmund.
Edmund is moderately wounded.
Edmund says, "You wouldn't believe how much I paid for this flail."
Edmund zaps a wand.
The puff of flame hits you!
* * * LOW HITPOINT WARNING * * *
You closely miss Edmund. You headbutt Edmund, but do no damage.
Edmund is moderately wounded.
You block Edmund's attack.
You hit Edmund but do no damage.
Edmund is moderately wounded.
Edmund hits you with a +0 flail of protection.
* * * LOW HITPOINT WARNING * * *
You puncture Edmund!
Edmund is severely wounded.
You are feeling very hungry.
You feel sick.
Edmund zaps a wand.
The puff of flame hits you!
You die...

#...# .........+ #...#
.......>.##### #...#
.............# #...#
..........# #...#
..........#
#...############'#.#
#.........# #.#.#
..........# #@# #
†.........# #@#.#
..........######.#.##
.###................# .#
#.....[.#####'####.#. .#
######...............
.########...........####
.......[#...............
#######.###....)....####
..# ######.####


You could see Edmund.

Vanquished Creatures
  An ogre (D:2)
  An orc priest (D:4)
  Terence (D:2)
  2 hound skeletons (D:4)
  7 adders
  2 oozes (D:4)
  3 worms
  2 orcs (D:4)
  A ball python (D:2)
  3 giant cockroaches
  4 hobgoblins
  10 jackals
  A quokka (D:2)
  6 bats
  8 frilled lizards
  4 goblins
  5 kobolds
  A quokka zombie (D:3)
  8 rats
70 creatures vanquished.

Notes
Turn   | Place    | Note
-------+----------+-------------------------------------------
     0 | D:1      | gruber the Minotaur Fighter began the quest for the Orb.
     0 | D:1      | Reached XP level 1. HP: 19/19 MP: 0/0
    66 | D:1      | Reached skill level 3 in Polearms
   113 | D:1      | Reached XP level 2. HP: 19/26 MP: 1/1
   925 | D:1      | Reached skill level 4 in Polearms
   947 | D:1      | Reached XP level 3. HP: 31/31 MP: 2/2
   967 | D:2      | Noticed Terence
   990 | D:2      | Killed Terence
   990 | D:2      | Reached skill level 5 in Polearms
  1043 | D:2      | Reached XP level 4. HP: 30/39 MP: 3/3
  1263 | D:2      | Noticed an ogre
  1272 | D:2      | Killed an ogre
  1272 | D:2      | Reached skill level 6 in Polearms
  1272 | D:2      | Reached XP level 5. HP: 39/45 MP: 4/4
  1429 | D:2      | Reached skill level 7 in Polearms
  2195 | D:4      | Reached XP level 6. HP: 39/51 MP: 5/5
  2239 | D:4      | Found a stormy altar of Qazlal.
  2367 | D:4      | Noticed Edmund
  2396 | D:4      | Killed from afar by Edmund

Skill      XL: |  1  2  3  4  5 |
---------------+----------------+-----
Polearms       | 3 4 5 6 7 |  7.9
Fighting       | |  3.6
Armour         | |  3.6
Shields        | |  3.6

Action                   |  1- 3 |  4- 6 || total
-------------------------+-------+-------++-------
Melee: Trident           |    95 |   130 ||   225
       Headbutt          |    12 |    15 ||    27
  Use: Potion            |       |     1 ||     1
  Eat: Chunk             |     1 |     3 ||     4
Armor: Scale mail        |    26 |    34 ||    60
Dodge: Dodged            |    18 |    27 ||    45
Block: Shield            |    30 |    43 ||    73
